Map: Acropolis LE

Players

Nylio

  • Race: Terran Terran
  • League: Diamond
  • Spawn Location: 11:00

zuka - Winner!

  • Race: Protoss Protoss
  • League: Master
  • Spawn Location: 5:00

VOD

Have the link to the VOD?

Description

Time

  • Played on: Sept. 18, 2019, 2:42 p.m.
  • Length: 6:38
Show
View Real Time Build Order
Export as new Build Order

Nylio Terran 

Build Orders: Reaper Expand 

Get SALT Encoding   

  12  0:00  SCV  
  13  0:12  SCV  
  14  0:17  Supply Depot  
  14  0:24  SCV  
  15  0:38  SCV  
  15  0:40  Barracks  
  16  0:43  Refinery  
  16  0:50  SCV  
  17  1:02  SCV  
  17  1:15  SCV  
  18  1:27  SCV  
  19  1:33  Reaper  
  19  1:39  Orbital Command  
  20  1:45  Command Center  
  20  1:58  Supply Depot  
  20  2:04  SCV  
  21  2:08  Barracks Reactor  
  21  2:16  SCV  
  22  2:30  Factory  
  22  2:37  Bunker  
  22  2:38  SCV  
  22  2:42  Refinery  
  23  2:46  Marine x2  
  23  2:50  SCV  
  26  2:59  Orbital Command  
  26  3:02  SCV  
  26  3:05  Marine x2  
  29  3:14  SCV  
  29  3:17  Starport  
  29  3:19  Widow Mine  
  32  3:25  SCV  
  32  3:26  SCV  
  34  3:31  Marine x2  
  36  3:34  Supply Depot  
  36  3:37  SCV  
  36  3:38  SCV  
  38  3:45  Widow Mine  
  40  3:49  Marine x2, SCV  
  40  3:51  SCV  
  44  3:56  Supply Depot  
  44  3:57  Medivac  
  44  4:01  Barracks, SCV  
  47  4:03  SCV  
  47  4:07  Marine x2  
  50  4:11  Widow Mine  
  50  4:13  SCV  
  50  4:15  SCV  
  54  4:22  Supply Depot  
  54  4:25  SCV  
  54  4:27  SCV  
  54  4:29  Starport Tech Lab  
  54  4:30  Barracks  
  56  4:37  SCV  
  57  4:39  SCV  
  57  4:45  Supply Depot, Engineering Bay  
  58  4:46  Marine x2, Factory Tech Lab  
  58  4:49  SCV  
  58  4:51  SCV  
  62  4:54  Refinery  
  62  4:59  Starport Reactor  
  62  5:01  SCV  
  62  5:03  SCV  
  62  5:04  Marine x2  
  66  5:07  Marine  
  66  5:13  SCV  
  68  5:14  Supply Depot  
  68  5:15  SCV  
  69  5:26  SCV  
  69  5:27  SCV  
  69  5:38  SCV  
  69  5:39  SCV  
  67  5:44  Medivac x2  
  66  5:50  SCV  
  66  5:52  SCV  
  66  5:56  Factory Reactor  
  58  5:59  Marauder x2, Marine x2  
  53  6:17  Marine x2  
Show
View Real Time Build Order
Export as new Build Order

zuka Protoss - Winner!

Build Orders: 1 Gate Expand, Colossus Rush 

Get SALT Encoding   

  12  0:01  Probe  
  13  0:13  Probe  
  14  0:17  Pylon  
  14  0:25  Probe (Chrono Boost)  
  16  0:37  Probe (Chrono Boost)  
  16  0:39  Gateway  
  16  0:42  Probe (Chrono Boost)  
  16  0:48  Assimilator  
  17  0:52  Probe  
  18  1:04  Probe (Chrono Boost)  
  19  1:15  Probe (Chrono Boost)  
  20  1:24  Nexus  
  20  1:34  Cybernetics Core  
  20  1:37  Probe  
  21  1:42  Assimilator  
  21  1:49  Probe  
  22  1:56  Pylon  
  22  2:01  Probe  
  23  2:13  Warp Gate, Stalker (Chrono Boost)  
  23  2:14  Probe  
  26  2:26  Probe  
  27  2:36  Probe (Chrono Boost), Stalker  
  29  2:41  Probe (Chrono Boost)  
  29  2:44  Robotics Facility  
  30  2:49  Probe (Chrono Boost)  
  32  2:55  Probe (Chrono Boost)  
  32  2:56  Probe (Chrono Boost)  
  33  3:05  Gateway  
  33  3:07  Gateway  
  33  3:08  Probe  
  33  3:11  Probe  
  35  3:23  Probe x2 (Chrono Boost)  
  35  3:26  Pylon  
  37  3:31  Observer  
  40  3:34  Probe (Chrono Boost)  
  40  3:35  Robotics Bay  
  40  3:36  Probe (Chrono Boost)  
  40  3:39  Probe (Chrono Boost)  
  41  3:44  Shield Battery, Probe  
  41  3:46  Assimilator  
  42  3:50  Probe  
  42  3:52  Warp Prism (Chrono Boost)  
  45  3:57  Probe  
  45  4:02  Probe  
  47  4:08  Pylon  
  47  4:09  Probe  
  49  4:22  Colossus (Chrono Boost)  
  49  4:27  Gravitic Drive  
  49  4:28  Probe x2  
  56  4:33  Pylon  
  56  4:40  Stalker  
  56  4:41  Stalker x2  
  62  4:47  Pylon  
  62  4:48  Pylon  
  62  4:51  Probe  
  63  4:56  Pylon  
  63  4:59  Probe  
  64  5:01  Colossus (Chrono Boost)  
  64  5:05  Probe  
  71  5:16  Stalker x3  
  75  5:34  Probe x2  
  77  5:42  Nexus  
  77  5:53  Probe x2  
  79  6:04  Stalker x2  
  81  6:05  Probe x2  
  81  6:08  Twilight Council  
  85  6:17  Probe x2  
  89  6:34  Pylon  
  89  6:36  Pylon  
Tags
 
Add a new tag
Caveats
  • Supply blocks, unpowered buildings, or Contaminate may cause inaccurate times.
  • Supply counts are checked every 10 seconds.